 Dungeon Crawl Stone Soup version 0.23.2 (webtiles) character file.

Game seed: 5796699372720011494

5530 Gargoyl the Chopper (level 10, -12/83 HPs)
             Began as a Centaur Abyssal Knight on Apr 6, 2019.
             Was the Champion of Lugonu.
             Killed from afar by a gargoyle (19 damage)
             ... with a stone arrow
             ... on level 9 of the Dungeon on Apr 8, 2019.
             The game lasted 00:18:03 (10798 turns).

Gargoyl the Chopper (Centaur Abyssal Knight)       Turns: 10798, Time: 00:18:04

Health: -12/83     AC: 12    Str: 17    XL:     10   Next: 43%
Magic:  15/15      EV: 13    Int: 11    God:    Lugonu [******]
Gold:   484        SH:  0    Dex: 13    Spells: 9/9 levels left

rFire    + . .     SeeInvis .   x - +0 hand axe (elec)
rCold    . . .     Gourm    .   (no shield)
rNeg     . . .     Faith    .   f - +1 scale mail of Fedhas's Reproof {rPois rF+ Dex+3 Stlth+}
rPois    +         Spirit   .   n - +2 helmet
rElec    .         Reflect  .   (no cloak)
rCorr    .         Harm     .   (no gloves)
MR       +....                  (no barding)
Stlth    +.........             y - amulet of rage
HPRegen  0.23/turn              d - +4 ring of evasion
MPRegen  0.14/turn              m - ring of protection from magic

@: very quick
A: large, hooves 3, deformed body, speed 2, tough skin 3
a: Depart the Abyss, Bend Space, Banish, Corrupt, Enter the Abyss, Brand Weapon
With Distortion, Renounce Religion, Evoke Berserk Rage


You were on level 9 of the Dungeon.
You worshipped Lugonu.
Lugonu was exalted by your worship.
You were not hungry.

You visited 1 branch of the dungeon, and saw 9 of its levels.
You visited the Abyss 1 time.
You also visited: Sewer and Ossuary.

You collected 484 gold pieces.

Inventory:

Hand Weapons
 a - a +1 hand axe
 x - a +0 hand axe of electrocution (weapon)
 B - a +0 war axe
Armour
 f - the +1 scale mail of Fedhas's Reproof (worn) {rPois rF+ Dex+3 Stlth+}
   (You found it on level 3 of the Abyss)

   It affects your dexterity (+3).
   It protects you from fire.
   It protects you from poison.
   It makes you more stealthy.
 n - a +2 helmet (worn)
Jewellery
 d - a +4 ring of evasion (left hand)
 e - an uncursed ring of protection from fire
 m - a ring of protection from magic (right hand)
 y - an amulet of rage (around neck)
Wands
 p - a wand of random effects (7)
 C - a wand of polymorph (9)
 D - a wand of acid (7)
Scrolls
 j - 7 scrolls of teleportation
 r - 4 scrolls of blinking
 u - 4 scrolls of remove curse
 v - 2 scrolls of fog
 A - 2 scrolls of identify
 E - a scroll of silence {unknown}
Potions
 b - a potion of mutation
 g - 8 potions of curing
 h - a potion of heal wounds
 i - 3 potions of lignification
 k - 2 potions of brilliance {unknown}
 l - a potion of invisibility {unknown}
 o - 3 potions of might {unknown}
 q - a potion of degeneration {unknown}
 s - a potion of cancellation {unknown}
 t - 2 potions of agility {unknown}
 w - 2 potions of resistance {unknown}
 z - 2 potions of ambrosia {unknown}
Comestibles
 c - 13 rations
 F - a chunk of flesh


   Skills:
 + Level 6.0 Fighting
 + Level 7.9 Axes
 * Level 6.6 Armour
 * Level 4.6 Dodging
 * Level 6.9 Invocations
 + Level 0.3 Evocations


You had 9 spell levels left.
You didn't know any spells.
Your spell library was empty.

Dungeon Overview and Level Annotations

Branches:
Dungeon (9/15)             Temple (0/1) D:5
   Lair: D:8-11         Orc: D:9-12

Altars:
Elyvilon
Fedhas
Gozag
Qazlal
Ru
Sif Muna
Trog
Uskayaw
The Shining One


Innate Abilities, Weirdness & Mutations

You have hooves in place of feet.
Armour fits poorly on your strangely shaped body.
You cover ground very quickly.
You have extremely tough skin. (AC +3)


Message History

The gargoyle hits you with a +0 flail!
Unknown command.
You hit the gargoyle.
You kick the gargoyle, but do no damage.
The gargoyle is severely damaged.
The gargoyle hits you with a +0 flail.
* * * LOW HITPOINT WARNING * * *
Unknown command.
The gargoyle hurls a stone arrow at you.
The stone arrow hits you!!
* * * LOW HITPOINT WARNING * * *
You feel much better.
The gargoyle hurls a stone arrow at you.
The stone arrow hits you!!
* * * LOW HITPOINT WARNING * * *
You hit the gargoyle but do no damage. You kick the gargoyle.
The gargoyle is severely damaged.
The gargoyle hurls a stone arrow at you.
The stone arrow hits you!!
You die...

#........#..######
#########...#÷#(.#
####.#.'.)..#
#####....#.#≈≈≈≈#
#..........#######
#................#
#........#.........
#........#.......##
#.......@#.(.......
#.......9#.........
#........#......##.
#.<......##.#####
#####..####.# ##.#
#(# ... .....


You could see a gargoyle.

Vanquished Creatures
  A two-headed ogre (D:8)
  A centaur skeleton (D:7)
  A merfolk (D:9)
  Menkaure (D:7)
  A water moccasin (D:7)
  3 sky beasts
  3 ice beasts
  2 orc warriors (D:7)
  5 phantoms
  8 ogres
  2 centaurs
  7 big kobolds
  A bullfrog (D:8)
  3 scorpions
  3 howler monkeys (D:7)
  3 crimson imps
  A jelly (D:7)
  2 hounds
  3 orc priests
  2 iguanas
  8 orc wizards
  Natasha (thrice) (D:2)
  9 big kobold zombies (Ossuary)
  A hound skeleton (D:7)
  A hound zombie (D:6)
  A mummy (Ossuary)
  Robin (D:2)
  A howler monkey zombie (D:6)
  A gnoll (D:1)
  11 adders
  5 river rats
  2 shadow imps (D:9)
  5 oozes
  3 adder zombies
  An adder skeleton (D:8)
  4 worms
  4 dart slugs
  5 leopard geckos
  29 orcs
  4 spectral bats (Ossuary)
  5 bats
  12 giant cockroaches
  16 goblins
  12 hobgoblins
  14 jackals
  5 quokkas
  8 ball pythons
  2 bat simulacra (Ossuary)
  5 frilled lizards
  3 gnoll zombies (Ossuary)
  3 goblin simulacra (Ossuary)
  6 goblin zombies (Ossuary)
  4 hobgoblin zombies (Ossuary)
  A jackal zombie (D:5)
  26 kobolds
  2 kobold simulacra (Ossuary)
  6 kobold zombies (Ossuary)
  2 orc zombies (Ossuary)
  2 quokka skeletons (D:5)
  13 rats
  2 rat simulacra (Ossuary)
  4 spectral goblins (Ossuary)
  2 spectral rats (Ossuary)
307 creatures vanquished.

Notes
Turn   | Place    | Note
-------+----------+-------------------------------------------
     0 | Abyss:1  | Gargoyl the Centaur Abyssal Knight began the quest for the
                  | Orb.
     0 | Abyss:1  | Reached XP level 1. HP: 19/19 MP: 2/2
     2 | Abyss:1  | Found a corrupted altar of Lugonu.
    50 | Abyss:2  | Found a corrupted altar of Lugonu.
    75 | Abyss:3  | Got a translucent scale mail
    86 | Abyss:3  | Identified the +1 scale mail of Fedhas's Reproof {rPois rF+
                  | Dex+3 Stlth+} (You found it on level 3 of the Abyss)
   111 | Abyss:3  | Noticed a small abomination
   137 | Abyss:4  | Found a corrupted altar of Lugonu.
   145 | Abyss:4  | Noticed a great orb of eyes
   145 | Abyss:4  | Paralysed by a great orb of eyes for 4 turns
   150 | Abyss:4  | Noticed a thrashing horror
   150 | D:1      | Escaped the Abyss
   301 | D:1      | Reached * piety under Lugonu
   367 | D:1      | Reached XP level 2. HP: 24/26 MP: 3/3
   811 | D:1      | Reached skill level 2 in Axes
   811 | D:1      | Reached skill level 1 in Dodging
   843 | D:1      | Reached XP level 3. HP: 29/31 MP: 4/4
  1152 | D:2      | Noticed Robin
  1181 | D:2      | Killed Robin
  1346 | D:2      | Reached ** piety under Lugonu
  1359 | D:2      | Reached XP level 4. HP: 20/39 MP: 5/5
  1854 | D:2      | Noticed Natasha
  1867 | D:2      | Killed Natasha
  1867 | D:2      | Reached XP level 5. HP: 31/46 MP: 5/7
  1974 | D:2      | Found a glowing golden altar of the Shining One.
  1975 | D:2      | Found a bloodstained altar of Trog.
  2065 | D:2      | Found a sacrificial altar of Ru.
  2154 | D:2      | Noticed Natasha
  2161 | D:2      | Killed Natasha
  2233 | D:2      | Noticed Natasha
  2245 | D:2      | Killed Natasha
  2245 | D:2      | Reached skill level 3 in Axes
  2487 | D:3      | Reached *** piety under Lugonu
  2672 | D:3      | Reached XP level 6. HP: 41/52 MP: 8/8
  2789 | D:3      | Found a glowing drain.
  2808 | Sewer    | Entered a sewer
  3243 | Sewer    | Reached skill level 4 in Axes
  3243 | Sewer    | Reached XP level 7. HP: 54/59 MP: 9/9
  3548 | Sewer    | Reached **** piety under Lugonu
  4401 | D:4      | Reached XP level 8. HP: 28/67 MP: 11/11
  4630 | D:4      | Reached skill level 5 in Axes
  4656 | D:4      | Found a stormy altar of Qazlal.
  4994 | D:5      | Entered Level 5 of the Dungeon
  5452 | D:5      | Found an opulent altar of Gozag.
  6083 | D:5      | Found a staircase to the Ecumenical Temple.
  6215 | D:5      | Found a blossoming altar of Fedhas.
  6263 | D:6      | Found a sand-covered staircase.
  6356 | Ossuary  | Entered an ossuary
  6459 | Ossuary  | Reached skill level 5 in Invocations
  6564 | Ossuary  | Reached skill level 6 in Axes
  6616 | Ossuary  | Reached skill level 5 in Fighting
  6635 | Ossuary  | Reached ***** piety under Lugonu
  7053 | D:6      | Reached XP level 9. HP: 70/74 MP: 12/12
  7182 | D:6      | Reached skill level 5 in Armour
  7621 | D:7      | Found a deep blue altar of Sif Muna.
  7898 | D:7      | Noticed Menkaure
  7904 | D:7      | Killed Menkaure
  8128 | D:7      | Found a hide-covered altar of Uskayaw.
  8157 | D:7      | Reached skill level 7 in Axes
  8807 | D:7      | Found a white marble altar of Elyvilon.
  9060 | D:7      | Reached XP level 10. HP: 74/83 MP: 14/14
  9354 | D:8      | Noticed a two-headed ogre
  9672 | D:8      | Killed a two-headed ogre
  9992 | D:8      | Reached ****** piety under Lugonu
 10770 | D:9      | Noticed a gargoyle
 10792 | D:9      | HP: 2/83 [gargoyle/stone arrow (22)]
 10798 | D:9      | Killed from afar by a gargoyle

Skill      XL: |  1  2  3  4  5  6  7  8  9 10 |
---------------+-------------------------------+-----
Axes           | 2 3 4 6 7 |  7.9
Dodging        | 1 2 3 4 |  4.6
Armour         | 2 3 4 5 6 |  6.6
Invocations    | 3 4 5 6 |  6.9
Fighting       | 4 5 6 |  6.0
Evocations     | |  0.3

Action                   |  1- 3 |  4- 6 |  7- 9 | 10-12 || total
-------------------------+-------+-------+-------+-------++-------
Melee: Hand axe          |   104 |   193 |   568 |   118 ||   983
       Kick              |    32 |    52 |   153 |    35 ||   272
Invok: Depart the Abyss  |     1 |       |       |       ||     1
Evoke: Wand              |       |       |     3 |       ||     3
  Use: Scroll            |     3 |     4 |    11 |       ||    18
       Potion            |       |       |       |     1 ||     1
  Eat: Chunk             |       |     5 |    14 |     2 ||    21
       Ration            |       |       |     1 |     1 ||     2
Armor: Scale mail        |    48 |   103 |   187 |    29 ||   367
Dodge: Dodged            |    70 |   161 |   279 |    56 ||   566
